 Dungeon Crawl Stone Soup version 0.28-a0-563-gf77a47075d (webtiles) character file.

Game seed: 2570515316704462362

1094 avis the Basher (level 8, -2/73 HPs)
             Began as a Hill Orc Monk on Sept 29, 2021.
             Killed from afar by Maurice (20 damage)
             ... with a bolt of acid
             ... on level 8 of the Dungeon.
             The game lasted 00:22:11 (5067 turns).

avis the Basher (Hill Orc Monk)                     Turns: 5067, Time: 00:22:11

Health: -2/73      AC: 11    Str: 16    XL:     8   Next: 31%
Magic:  8/8        EV:  7    Int: 10    God:
Gold:   284        SH:  0    Dex: 13    Spells: 7/7 levels left

rFire   . . .      SeeInvis .   a - +0 flail (protect)
rCold   + . .      Faith    .   (no shield)
rNeg    . . .      Spirit   .   i - +1 chain mail
rPois   .          Reflect  .   D - +0 helmet
rElec   .          Harm     .   f - +0 cloak
rCorr   +          Rampage  .   (no gloves)
Will    .....                   (no boots)
Stlth   ..........              (no amulet)
HPRegen 0.22/turn               n - ring of resist corrosion
MPRegen 0.11/turn               N - ring of protection from cold

@: no status effects
A: no striking features
a: no special abilities


You were on level 8 of the Dungeon.
You visited 2 branches of the dungeon, and saw 8 of its levels.

You collected 284 gold pieces.

Inventory:

Hand Weapons
 a - a +0 flail of protection (weapon)
 e - a +1 short sword of venom
 y - a +0 hand axe of flaming
 H - a +0 arbalest
 I - a +0 hunting sling
Missiles
 b - 28 bolts
 g - 153 stones
 s - 17 sling bullets
 F - 6 boomerangs
 P - 11 poisoned darts (quivered)
Armour
 f - a +0 cloak (worn)
 i - a +1 chain mail (worn)
 D - a +0 helmet (worn)
Jewellery
 n - a ring of resist corrosion (left hand)
 J - a ring of see invisible
 N - a ring of protection from cold (right hand)
Scrolls
 O - a scroll of enchant armour
Potions
 h - a potion of lignification
 j - 3 potions of haste
 l - a potion of brilliance
 r - 3 potions of curing
 t - a potion of heal wounds {unknown}
 v - a potion of mutation {unknown}
 z - a potion of might {unknown}
 A - a potion of berserk rage {unknown}
 M - a potion of invisibility {unknown}


   Skills:
 + Level 7.5 Fighting
 * Level 9.2 Maces & Flails
 - Level 2.4 Dodging
 - Level 1.5 Stealth


You had 7 spell levels left.
You didn't know any spells.
Your spell library contained the following spells:

 Spells                   Type           Power      Damage    Failure   Level
 Slow                     Hex            0%         N/A       100%        2
 Confusing Touch          Hex            0%         N/A       100%        3
 Vampiric Draining        Necr           0%         2d6       100%        3


Dungeon Overview and Level Annotations

Branches:
Dungeon (6/15)             Temple (1/1) D:6

Altars:
Ashenzari
Cheibriados
Dithmenos
Elyvilon
Fedhas
Gozag
Hepliaklqana
Kikubaaqudgha
Makhleb
Nemelex Xobeh
Okawaru
Qazlal
Ru
Sif Muna
Trog
Uskayaw
Vehumet
Wu Jian
Xom
Yredelemnul
Zin

Annotations:
D:5 Grinder
D:8 Maurice


Message History

Prince Ribbit returns to his original shape as he dies.
Your Maces & Flails skill increases to level 9!
P - 12 poisoned darts (gained 1)
You see here the human corpse of Prince Ribbit.
P - 13 poisoned darts (gained 1)
There is a stone staircase leading down here.
As you read the scroll labelled QER TIAZOL, it crumbles to dust.
It is a scroll of enchant armour.
Your +0 chain mail glows green for a moment.
As you read the scroll labelled DASHYEVOTH, it crumbles to dust.
It is a scroll of amnesia.
You feel forgetful for a moment.
As you read the scroll labelled DAGOSSIAJO, it crumbles to dust.
Magic quickly surges around you.
It was a scroll of vulnerability.
As you read the scroll labelled WOGRAP FOSAIPEYT, it crumbles to dust.
The air around you briefly surges with heat, but it dissipates.
It was a scroll of immolation.
You see here the human corpse of Prince Ribbit.
Found a stone staircase leading up.
You see here a +0 scale mail.
You now have 284 gold pieces (gained 12).
There is a stone staircase leading up here.
You hear the faint creaking of a very distant portcullis.
Found 10 gold pieces.
Maurice the Thief comes into view.
He is wielding a +5 dagger of draining and carrying a wand of acid (9).
You feel your willpower return.
Throw: 13 darts (poison)
Press: ? - help, Q - select action, (/) - cycle Shift-Dir - straight line, f - Maurice
Aim: Maurice, wielding a +5 dagger of draining, wearing a +0 cloak and carrying a wand of acid (9) (48% to hit)
You throw a poisoned dart.
The poisoned dart closely misses Maurice.
Maurice zaps a wand.
The bolt of acid hits you! You resist.
* * * LOW HITPOINT WARNING * * *
Throw: 12 darts (poison)
Press: ? - help, Q - select action, (/) - cycle Shift-Dir - straight line, f/p - Maurice
Aim: Maurice, wielding a +5 dagger of draining, wearing a +0 cloak and carrying a wand of acid (8) (46% to hit)
You throw a poisoned dart.
The poisoned dart closely misses Maurice.
Maurice zaps a wand.
The bolt of acid hits you!! You resist.
You die...

#.# # #.# # .. #.# .#.##
#.######...@.
#.##......$##
#.##........#
##########.##(@#########
..[...<.........@.......
.........#.#############
.........#.#
.........#.#
.........#.#
.........#.#
.........#.#
.........#.# .........#


You could see Maurice.

Vanquished Creatures
  Prince Ribbit (D:8)
  2 ogres (D:4)
  A kobold brigand (D:6)
  A bullfrog (D:6)
  A scorpion (D:5)
  A hound (D:5)
  A bullfrog zombie (D:3)
  A centaur skeleton (D:4)
  2 jellies
  Jessica (D:3)
  Natasha (twice) (D:3)
  3 iguanas
  3 orc wizards
  8 gnolls
  An adder (D:1)
  A white imp (D:6)
  An ufetubus (D:6)
  2 worms
  3 dart slugs
  5 orcs
  9 endoplasms
  3 giant cockroaches
  5 goblins
  5 hobgoblins
  7 kobolds
  2 quokkas
  3 bats
  5 frilled lizards
  5 rats
85 creatures vanquished.

Notes
Turn   | Place    | Note
-------+----------+-------------------------------------------
     0 | D:1      | avis the Hill Orc Monk began the quest for the Orb.
     0 | D:1      | Reached XP level 1. HP: 19/19 MP: 1/1
   263 | D:1      | Reached XP level 2. HP: 21/27 MP: 2/2
   835 | D:2      | Reached skill level 4 in Maces & Flails
   894 | D:1      | Reached XP level 3. HP: 31/33 MP: 3/3
  1180 | D:1      | Reached XP level 4. HP: 30/41 MP: 4/4
  1335 | D:2      | Found a faded altar of an unknown god.
  1841 | D:3      | Noticed Jessica
  1848 | D:3      | Killed Jessica
  1849 | D:3      | Reached skill level 5 in Maces & Flails
  1857 | D:3      | Reached XP level 5. HP: 33/47 MP: 5/5
  2135 | D:3      | Reached skill level 5 in Fighting
  2664 | D:3      | Noticed Natasha
  2675 | D:3      | Killed Natasha
  2793 | D:3      | Noticed Natasha
  2811 | D:3      | Killed Natasha
  2812 | D:3      | Reached skill level 6 in Maces & Flails
  2958 | D:4      | Noticed an ogre
  2978 | D:4      | Reached XP level 6. HP: 56/56 MP: 6/6
  3257 | D:4      | Reached skill level 7 in Maces & Flails
  3382 | D:4      | Reached XP level 7. HP: 41/63 MP: 7/7
  4035 | D:5      | Entered Level 5 of the Dungeon
  4098 | D:5      | Reached skill level 8 in Maces & Flails
  4254 | D:5      | Noticed Grinder
  4258 | D:5      | Paralysed by Grinder for 7 turns
  4330 | D:6      | HP: 3/64 [poisoned by a kobold]
  4508 | D:6      | Reached XP level 8. HP: 66/73 MP: 8/8
  4601 | D:6      | Found a staircase to the Ecumenical Temple.
  4632 | Temple   | Entered the Ecumenical Temple
  4951 | D:6      | You fall into a shaft and drop 2 floors!
  4951 | D:8      | Noticed Prince Ribbit
  5010 | D:8      | Killed Prince Ribbit
  5011 | D:8      | Reached skill level 9 in Maces & Flails
  5059 | D:8      | Noticed Maurice
  5067 | D:8      | Killed from afar by Maurice

Illustrated notes

Levels and vault maps discovered:
D:1:      minmay_arrival_nine_rooms, layout_rooms
D:2:      layout_rooms, chequers_ecumenical_altar_island
D:3:      layout_basic, grunt_ministairs_4, st_stairs_9, serial_bayou_pond_d,
          uniq_natasha, uniq_jessica
D:4:      layout_rooms
D:5:      layout_loops_cross, uniq_sigmund, uniq_grinder, uniq_blork_the_orc
D:6:      layout_rooms, minmay_temple_entry_stoned_glass
D:8:      layout_basic, enter_bailey_5, hellmonk_bongcloud_opening,
          minmay_misc_feat_pillars, st_stairs_7, uniq_psyche, uniq_maurice,
          uniq_prince_ribbit1
Temple:   nicolae_temple_the_god_donut

Skill      XL: |  1  2  3  4  5  6  7  8 |
---------------+-------------------------+-----
Fighting       | 4 5 6 7 |  7.5
Maces & Flails | 4 5 6 7 8 9 |  9.2
Dodging        | |  2.4
Stealth        | |  1.5

Action                   |  1- 3 |  4- 6 |  7- 9 || total
-------------------------+-------+-------+-------++-------
Melee: Mace              |    52 |       |       ||    52
       Hand axe          |    19 |   105 |       ||   124
       Flail             |       |   130 |   137 ||   267
Throw: Dart              |       |       |     6 ||     6
  Use: Scroll            |       |       |    10 ||    10
       Potion            |       |       |     1 ||     1
Armor: Robe              |     6 |       |       ||     6
       Chain mail        |    33 |   137 |    94 ||   264
Dodge: Dodged            |    38 |    48 |    31 ||   117

Table legend: (Time is in decaauts)
 A = Elapsed time spent in this place.
 B = Non-inter-level travel time spent in this place.
 C = Inter-level travel time spent in this place.
 D = Time resting spent in this place.
 E = Time spent auto-exploring this place.
 F = Levels seen in this place.
 G = Mean time per level.
                   A        B        C        D        E       F      G
               +--------+--------+--------+--------+--------+-----+--------+
         Total |   5114 |   4848 |    266 |   1508 |   1886 |   8 |  639.2 |
       Dungeon |   4804 |   4554 |    250 |   1508 |   1622 |   7 |  686.3 |
        Temple |    309 |    293 |     16 |      0 |    264 |   1 |  309.0 |
               +--------+--------+--------+--------+--------+-----+--------+

Top non-repeatable levels by time:
     D:3: 1227 daAuts
     D:1: 1206 daAuts
     D:4: 1100 daAuts
     D:2: 634 daAuts
     D:6: 354 daAuts
  Temple: 309 daAuts
     D:5: 167 daAuts
     D:8: 114 daAuts
